 Dungeon Crawl Stone Soup version 0.32-a0-660-g97ce250973 (webtiles) character file.

Game seed: 4692352089586510974

221 GeoRichter the Insei (level 5, -3/64 HPs)
             Began as a Merfolk Shapeshifter on Mar 9, 2024.
             Slain by Pikel
             ... wielding a +1 whip of freezing
              (10 damage)
             ... on level 4 of the Dungeon.
             The game lasted 00:04:23 (2847 turns).

GeoRichter the Insei (Merfolk Shapeshifter)         Turns: 2847, Time: 00:04:23

Health: -3/64      AC: 26    Str: 14    XL:     5   Next: 98%
Magic:  5/5        EV:  2    Int: 10    God:
Gold:   219        SH:  0    Dex: 15    Spells: 4/4 levels left

rFire   . . .        h - +2 short sword (holy)
rCold   . . .        (no shield)
rNeg    . . .        m - melded +0 leather armour
rPois   +            (helmet currently unavailable)
rElec   .            (cloak currently unavailable)
rCorr   .            (gloves currently unavailable)
SInv    .            (boots currently unavailable)
Will    .....        (no amulet)
Stlth   +            n - ring of poison resistance
HPRegen 0.30/turn    s - +4 ring of protection
MPRegen 0.09/turn

%: no passive effects
@: tree-form (expiring)
A: stationary, stasis, torment immunity, boosted hp, (nimble swimmer 2),
(mertail)
a: no special abilities


You were on level 4 of the Dungeon.
You were a tree.
You visited 1 branch of the dungeon, and saw 4 of its levels.

You collected 219 gold pieces.

Inventory:

Hand Weapons
 h - a +2 short sword of holy wrath (weapon)
   (You took it off a kobold on level 1 of the Dungeon)
 r - the +6 dagger of Imanlup {elec, rF+ rN+ rCorr Dex+2}
   (You found it on level 2 of the Dungeon)

   Dex+2:     It affects your dexterity (+2).
   rF+:       It protects you from fire.
   rN+:       It protects you from negative energy.
   rCorr:     It protects you from acid and corrosion.
Missiles
 q - 2 throwing nets {!f}
 x - 2 curare-tipped darts (quivered) {!f}
Armour
 m - a +0 leather armour (melded)
   (You found it on level 1 of the Dungeon)
 w - a +0 pair of boots
   (You found it on level 3 of the Dungeon)
 y - a +1 helmet
   (You took it off Robin on level 3 of the Dungeon)
 C - a +0 pair of gloves
   (You found it on level 4 of the Dungeon)
Jewellery
 i - a ring of positive energy
   (You found it on level 4 of the Dungeon)
 n - a ring of poison resistance (left branch)
   (You found it on level 2 of the Dungeon)
 s - a +4 ring of protection (right branch)
   (You found it on level 2 of the Dungeon)
Talismans
 c - a beast talisman (active)
 d - a flux talisman
Wands
 o - a wand of flame (23)
   (You took it off Jessica on level 2 of the Dungeon)
Scrolls
 a - a scroll of torment {unknown}
 e - a scroll of blinking {unknown}
 f - a scroll of noise {unknown}
 g - 2 scrolls of immolation {!r}
 k - a scroll of identify {unknown}
 p - a scroll of poison {unknown}
 v - a scroll of fear {unknown}
 A - a scroll of teleportation {unknown}
 B - a scroll of enchant weapon {unknown}
Potions
 j - a potion of mutation {unknown}
 t - a potion of invisibility {unknown}
 u - a potion of degeneration {unknown}


   Skills:
 - Level 4.9 Fighting
 - Level 2.6 Dodging
 * Level 5.1 Unarmed Combat
 - Level 4.0 Shapeshifting


You had 4 spell levels left.
You didn't know any spells.
Your spell library contained the following spells:

 Spells                   Type           Power      Damage    Failure   Level
 Magic Dart               Conj           0%         1d3       36%         1
 Blink                    Tloc           0%         N/A       50%         2
 Call Imp                 Summ           0%         N/A       50%         2


Dungeon Overview and Level Annotations

Branches:
Dungeon (4/15) Zot: 21155
 Temple: D:4-7

Altars:
Kikubaaqudgha
Nemelex Xobeh

Annotations:
D:3 1 runed translucent door, Crazy Yiuf
D:4 Pikel


Innate Abilities, Weirdness & Mutations

You are a tree.
Your roots penetrate the ground, keeping you stationary.
You cannot be teleported.
You are immune to unholy pain and torment.
Your maximum health is greatly increased.
Your equipment is partially melded.
((You are very nimble when in or above water. (Stealth+, EV+, Speed+++)))
((Your lower body shifts to a powerful aquatic tail in water.))


Message History

Pikel hits you with a +1 whip of freezing.
* * * LOW HITPOINT WARNING * * *
Pikel freezes you.
* * * LOW HITPOINT WARNING * * *
You miss Pikel.
Pikel is heavily wounded.
Pikel hits you but does no damage.
You hit Pikel.
Pikel is heavily wounded.
Pikel hits you but does no damage.
You barely miss Pikel.
Pikel is heavily wounded.
Your transformation is almost over.
Pikel hits you with a +1 whip of freezing.
* * * LOW HITPOINT WARNING * * *
Pikel freezes you.
* * * LOW HITPOINT WARNING * * *
You barely miss Pikel.
Pikel is heavily wounded.
Pikel barely misses you.
You hit Pikel.
Pikel is heavily wounded.
Pikel hits you with a +1 whip of freezing.
* * * LOW HITPOINT WARNING * * *
Pikel freezes you.
* * * LOW HITPOINT WARNING * * *
Okay, then.
You barely miss Pikel.
Pikel is heavily wounded.
Pikel hits you with a +1 whip of freezing.
* * * LOW HITPOINT WARNING * * *
Pikel freezes you.
* * * LOW HITPOINT WARNING * * *
You hit Pikel but do no damage.
Pikel is heavily wounded.
Pikel hits you with a +1 whip of freezing.
* * * LOW HITPOINT WARNING * * *
Pikel freezes you.
* * * LOW HITPOINT WARNING * * *
You barely miss Pikel.
Pikel is heavily wounded.
Pikel hits you but does no damage.
You hit Pikel but do no damage.
Pikel is heavily wounded.
Pikel hits you but does no damage.
You hit Pikel.
Pikel is heavily wounded.
Pikel hits you with a +1 whip of freezing!
You die...
Pikel says, "Another soul for the market."

############ #####..........#
...............+ ##
########..........# #.
.........#.......### #.# #
......#.#.#####.# #.. .
##.....#.#.#####♣# #..###.
..............##K########.#......
#.....#.#.##.##5##.......#.$....
#.....#.#.##..55##...........<..
#.....#.#.####.o†...............
#####.#=#.# #..##..........###B
#.....#.# ##.##.......... 5
#.....#.# #............ .
#.....+.# ###....#.....


5 You could see Pikel, 3 lemures and an orc.

Vanquished Creatures
  An ogre (D:4)
  A lemure (D:4)
  Jessica (D:2)
  Robin (D:3)
  2 adders
  4 dart slugs
  2 orcs
  6 ball pythons
  6 endoplasms
  5 giant cockroaches
  11 goblins
  7 hobgoblins
  3 quokkas
  2 bats (D:2)
  4 frilled lizards
  5 kobolds
  6 rats
67 creatures vanquished.

Notes
Turn   | Place    | Note
-------+----------+-------------------------------------------
     0 | D:1      | GeoRichter the Merfolk Shapeshifter began the quest for the
                  | Orb.
     0 | D:1      | Reached XP level 1. HP: 15/15 MP: 1/1
   349 | D:1      | Reached XP level 2. HP: 18/22 MP: 2/2
   958 | D:2      | Noticed Jessica
  1032 | D:2      | Reached XP level 3. HP: 28/29 MP: 3/3
  1057 | D:2      | Killed Jessica
  1058 | D:2      | Reached XP level 4. HP: 21/37 MP: 4/4
  1296 | D:2      | Identified the +6 dagger of Imanlup {elec, rF+ rN+ rCorr
                  | Dex+2}
  1677 | D:3      | Found a sparkling altar of Nemelex Xobeh.
  1901 | D:3      | Found an ancient bone altar of Kikubaaqudgha.
  1937 | D:3      | Noticed Robin
  1959 | D:3      | Killed Robin
  1960 | D:3      | Reached XP level 5. HP: 19/43 MP: 5/5
  2282 | D:3      | Found a runed translucent door.
  2283 | D:3      | Noticed Crazy Yiuf
  2604 | D:4      | Noticed Pikel
  2604 | D:4      | Noticed a lemure
  2604 | D:4      | Noticed a lemure
  2604 | D:4      | Noticed a lemure
  2604 | D:4      | Noticed a lemure
  2693 | D:4      | Noticed an ogre
  2702 | D:4      | Killed an ogre
  2703 | D:4      | Reached skill level 5 in Unarmed Combat
  2818 | D:4      | Killed a lemure
  2847 | D:4      | Slain by Pikel

Illustrated notes

Levels and vault maps discovered:
D:1:      minmay_arrival_open_corners, layout_loops_ring, minmay_unequal
D:2:      layout_basic, uniq_jessica
D:3:      layout_loops_ring, nemelex_xobeh_ov_fountains_minmay,
          kiku_gazebo_garden_becter, uniq_robin, uniq_crazy_yiuf_cottage
D:4:      layout_basic, uniq_pikel

Skill      XL: |  1  2  3  4  5 |
---------------+----------------+-----
Fighting       | 2 3 4 |  4.9
Unarmed Combat | 5 |  5.1
Dodging        | |  2.6
Shapeshifting  | |  4.0

Action                     |  1- 3 |  4- 6 || total
---------------------------+-------+-------++-------
  Melee: Unarmed           |    19 |       ||    19
         Short sword       |    45 |   168 ||   213
         Punch             |     1 |       ||     1
  Throw: Dart              |       |     2 ||     2
    Use: Potion            |       |     2 ||     2
         Scroll            |       |     1 ||     1
   Stab: Sleeping          |     2 |     2 ||     4
 Armour: Animal skin       |    21 |       ||    21
         Leather armour    |    10 |    73 ||    83
         Skin              |       |    33 ||    33
  Dodge: Dodged            |    32 |    74 ||   106

Table legend: (Time is in decaauts)
 A = Elapsed time spent in this place.
 B = Non-inter-level travel time spent in this place.
 C = Inter-level travel time spent in this place.
 D = Time resting spent in this place.
 E = Time spent auto-exploring this place.
 F = Levels seen in this place.
 G = Mean time per level.
                   A        B        C        D        E       F      G
               +--------+--------+--------+--------+--------+-----+--------+
         Total |   2843 |   2708 |    135 |    200 |   1890 |   4 |  710.8 |
       Dungeon |   2843 |   2708 |    135 |    200 |   1890 |   4 |  710.8 |
               +--------+--------+--------+--------+--------+-----+--------+

Top non-repeatable levels by time:
     D:3: 1170 daAuts
     D:1: 844 daAuts
     D:2: 643 daAuts
     D:4: 184 daAuts
